 Dungeon Crawl Stone Soup version 0.22-a0-776-ge6d7efa (webtiles) character file.

7441 Amnesiac the Geomancer (level 10, 0/63 HPs)
             Began as a Mummy Earth Elementalist on July 18, 2018.
             Was a High Priest of Sif Muna.
             Slain by a cyclops (32 damage)
             ... on level 11 of the Dungeon.
             The game lasted 00:19:38 (13132 turns).

Amnesiac the Geomancer (Mummy Earth Elementalist)  Turns: 13132, Time: 00:19:38

Health: 0/63       AC:  7    Str: 11    XL:     10   Next: 93%
Magic:  25/25      EV: 12    Int: 19    God:    Sif Muna [*****.]
Gold:   743        SH:  0    Dex: 12    Spells: 16/31 levels left

rFire    x . .     SeeInvis .   z - +6 dire flail of Truth {drain, rElec rN+ MR+ Stlth+}
rCold    + . .     Gourm    .   (shield currently unavailable)
rNeg     + + +     Faith    .   e - +1 robe {rN+}
rPois    ∞         Spirit   .   a - +0 helmet
rElec    +         Reflect  .   i - +1 cloak
rCorr    .         Harm     .   q - +0 pair of gloves
MR       ++...     Rnd*Tele +   (no boots)
Stlth    +++.......             k - amulet of magic regeneration
HPRegen  0.20/turn              g - ring of teleportation (curse)
MPRegen  0.44/turn              l - ring of wizardry

@: divine energy
A: no food or potions, fire vulnerability, cold resistance 1, negative energy
resistance 3, torment resistance, unbreathing
a: Stop Divine Energy, Channel Magic, Forget Spell, Renounce Religion


You were on level 11 of the Dungeon.
You worshipped Sif Muna.
Sif Muna was extremely pleased with you.
You were not hungry.

You visited 2 branches of the dungeon, and saw 12 of its levels.

You collected 743 gold pieces.

Inventory:

Hand Weapons
 w - a +1 dagger of speed
 y - the +7 dire flail of the Other Side {crush, *Noise +Blink rC+ Str+4}
   (You took it off a two-headed ogre on level 10 of the Dungeon)

   It inflicts extra damage upon your enemies.
   It affects your strength (+4).
   It protects you from cold.
   It lets you blink.
   It may make noises in combat.
 z - the +6 dire flail of Truth (weapon) {drain, rElec rN+ MR+ Stlth+}
   (You took it off a two-headed ogre on level 10 of the Dungeon)

   A truly terrible weapon, it drains the life of those it strikes.
   It insulates you from electricity.
   It protects you from negative energy.
   It affects your resistance to hostile enchantments.
   It makes you more stealthy.
Missiles
 b - 220 stones (quivered)
Armour
 a - a +0 helmet (worn)
 e - a +1 robe of positive energy (worn)
 i - a +1 cloak (worn)
 p - a scarf of spirit shield
 q - a +0 pair of gloves (worn)
Jewellery
 g - a cursed ring of teleportation (left hand)
 k - an amulet of magic regeneration (around neck)
 l - a ring of wizardry (right hand)
 A - an uncursed ring of positive energy {unknown}
Wands
 c - a wand of iceblast (19)
 j - a wand of polymorph (52)
 o - a wand of flame (26)
 r - a wand of random effects (20)
 s - a wand of paralysis (19)
 u - a wand of enslavement (14)
 x - a wand of acid (11)
Scrolls
 d - a scroll of enchant armour {!r}
 f - a scroll of torment {!r}
 h - 4 scrolls of amnesia {!r}
 m - 3 scrolls of enchant weapon {!r}
 n - 4 scrolls of identify {!r}
 t - 2 scrolls of teleportation {!r}
 v - 3 scrolls of fear {!r}


   Skills:
 - Level 3.0 Short Blades
 - Level 1.5 Dodging
 - Level 2.0 Stealth
 + Level 11.3 Spellcasting
 - Level 1.0 Transmutations
 * Level 11.4 Earth Magic


You had 16 spell levels left.
You knew the following spells:

 Your Spells              Type           Power        Failure   Level  Hunger
a - Stone Arrow           Conj/Erth      ####..       1%          3    N/A
b - Passwall              Tmut/Erth      ####....     1%          2    N/A
c - Sandblast             Erth           ######       1%          1    N/A
d - Lee's Rapid Deconstr  Erth           ######....   1%          5    N/A
e - Petrify               Tmut/Erth      ####....     1%          4    N/A

Your spell library contained the following spells:

 Spells                   Type           Power        Failure   Level  Hunger
 Bolt of Magma            Conj/Fire/Erth ####......   16%         5    N/A
 Iron Shot                Conj/Erth      ####......   34%         6    N/A
 Statue Form              Tmut/Erth      ####.....    30%         6    N/A
 Shatter                  Erth           ######....   100%        9    N/A
 Leda's Liquefaction      Hex/Erth       ####......   2%          4    N/A

Dungeon Overview and Level Annotations

Branches:
Dungeon (11/15)            Temple (1/1) D:4            Lair (0/6) D:9
    Orc (0/2) D:10

Altars:
Ashenzari
Cheibriados
Dithmenos
Elyvilon
Fedhas
Gozag
Hepliaklqana
Kikubaaqudgha
Makhleb
Nemelex Xobeh
Okawaru
Qazlal
Ru
Sif Muna
Trog
Uskayaw
Vehumet
Wu Jian
Xom
Yredelemnul
Zin
The Shining One

Annotations:
D:4 Edmund


Innate Abilities, Weirdness & Mutations

You do not eat or drink.
Your flesh is vulnerable to fire.
You are immune to poison.
Your flesh is cold resistant. (rC+)
You are immune to negative energy. (rN+++)
You are immune to unholy pain and torment.
You can survive without breathing.


Message History

Fragment what (e.g. wall or brittle monster)?: a killer bee An open door.
Okay, then.
The killer bee barely misses you. The killer bee stings you!
Casting: Lee's Rapid Deconstruction (safe; 1% risk of failure)
Confirm with . or Enter, or press ? or * to list all spells.
Aiming: Lee's Rapid Deconstruction (safe; 1% risk of failure)
Press: ? - help, Dir - move target cursor, f - killer bee Fragment what (e.g. wall or brittle monster)?: a killer bee An open door.
The door shatters!
The blast of rock fragments hits the killer bee.
The killer bee is severely wounded.
The blast of rock fragments hits the killer bee.
You kill the killer bee!
Sif Muna accepts your kill.
You hear an angry hiss.
The killer bee stings you but does no damage.
The killer bee closely misses you. x2
The killer bee stings you but does no damage.
There is a stone staircase leading up here.
Casting: Lee's Rapid Deconstruction (safe; 1% risk of failure)
Confirm with . or Enter, or press ? or * to list all spells.
Aiming: Lee's Rapid Deconstruction (safe; 1% risk of failure)
Press: ? - help, Dir - move target cursor, p - killer bee A metal wall.
The metal wall shatters!
The blast of metal fragments hits the killer bee.
You kill the killer bee!
Sif Muna accepts your kill.
The blast of metal fragments hits the killer bee.
You kill the killer bee!
Sif Muna accepts your kill.
You hear an angry hiss.
The killer bee stings you but does no damage.
The killer bee stings you.
Unknown command.
The killer bee stings you but does no damage. x2
You climb upwards.
There is a stone staircase leading down here.
Casting: Lee's Rapid Deconstruction (safe; 1% risk of failure)
Confirm with . or Enter, or press ? or * to list all spells.
Aiming: Lee's Rapid Deconstruction (safe; 1% risk of failure)
Press: ? - help, Dir - move target cursor A rock wall.
The wall shatters!
The blast of rock fragments hits the killer bee.
You kill the killer bee!
Sif Muna accepts your kill.
Sif Muna will gift you books as you gain piety.
You start resting.
Magic restored.
You start resting.
HP restored.
You start resting.
Magic restored.
You start resting.
HP restored.
You climb downwards.
The cyclops throws a large rock.
The large rock hits you!!
There is a stone staircase leading up here.
You see here a large rock.
The cyclops hits you!!
Ouch! That really hurt!
You die...

#.... ###
#.... ....
....###....
..........
...y...
....
#####'####
#<†......#
#.@......#
#..C.....##
#.........#
###'##..<.#
...######
.... .....
....


You could see a cyclops.

Vanquished Creatures
  A two-headed ogre (D:10)
  The ghost of jerryfan the Covert, a journeyman HaAs (D:10)
  An unseen horror (D:10)
  A troll (D:9)
  A hornet (D:8)
  Sigmund (D:2)
  5 yaks
  A hungry ghost (D:9)
  A water moccasin (D:5)
  Duvessa (D:7)
  3 sky beasts
  7 orc warriors
  2 phantoms
  A necrophage (D:10)
  5 ogres
  A centaur (D:8)
  A crocodile (D:8)
  4 bullfrogs
  Dowan (D:7)
  A wyvern skeleton (D:7)
  2 scorpions
  6 killer bees
  3 wights (D:10)
  2 crimson imps (D:5)
  2 centaur zombies
  A quasit (D:9)
  6 orc priests
  5 bullfrog zombies
  2 jellies
  Crazy Yiuf (D:2)
  4 hounds
  Natasha (thrice) (D:2)
  An iguana (D:5)
  8 orc wizards
  4 worker ants
  A hound zombie (D:9)
  2 hound skeletons
  A howler monkey zombie (D:5)
  3 gnolls (D:8)
  A howler monkey skeleton (D:7)
  11 adders
  2 oozes
  An adder skeleton (D:8)
  5 worms
  2 dart slugs
  7 leopard geckos
  28 orcs
  8 bats
  2 giant cockroaches
  4 goblins
  4 hobgoblins
  16 jackals
  6 kobolds
  6 quokkas
  A ball python (D:3)
  6 frilled lizards
  A leopard gecko zombie (D:5)
  2 quokka skeletons (D:8)
  11 rats
221 creatures vanquished.

Vanquished Creatures (others)
  An orc wizard (D:3)
1 creature vanquished.

Grand Total: 222 creatures vanquished

Notes
Turn   | Place    | Note
-------+----------+-------------------------------------------
     0 | D:1      | Amnesiac the Mummy Earth Elementalist began the quest for the Orb.
     0 | D:1      | Reached XP level 1. HP: 13/13 MP: 4/4
   201 | D:1      | Reached XP level 2. HP: 19/19 MP: 4/6
   219 | D:2      | Learned a level 2 spell: Passwall
   248 | D:2      | Reached skill level 1 in Transmutations
   279 | D:2      | Found a snail-covered altar of Cheibriados.
   355 | D:2      | Found a runed door.
   402 | D:2      | Noticed Natasha
   407 | D:2      | Killed Natasha
   407 | D:2      | Reached XP level 3. HP: 15/24 MP: 2/7
   512 | D:2      | Noticed Crazy Yiuf
   518 | D:2      | Killed Crazy Yiuf
   518 | D:2      | Reached XP level 4. HP: 21/30 MP: 2/9
  1322 | D:4      | Reached XP level 5. HP: 23/35 MP: 4/11
  1373 | D:4      | Learned a level 4 spell: Petrify
  1389 | D:4      | Learned a level 3 spell: Stone Arrow
  1389 | D:4      | Found a staircase to the Ecumenical Temple.
  1409 | Temple   | Entered the Ecumenical Temple
  1598 | D:5      | Entered Level 5 of the Dungeon
  1669 | D:5      | Noticed an ogre
  1677 | D:5      | Killed an ogre
  1677 | D:5      | Reached skill level 1 in Short Blades
  1677 | D:5      | Reached XP level 6. HP: 34/41 MP: 2/12
  1871 | D:5      | Found a deep blue altar of Sif Muna.
  1957 | D:5      | Became a worshipper of Sif Muna the Loreminder
  2902 | D:2      | Noticed Sigmund
  2935 | D:2      | Killed Sigmund
  2935 | D:2      | Reached skill level 5 in Spellcasting
  2935 | D:2      | Reached skill level 5 in Earth Magic
  2935 | D:2      | Reached XP level 7. HP: 42/46 MP: 7/14
  3071 | D:2      | Noticed Natasha
  3078 | D:2      | Killed Natasha
  3085 | D:2      | Learned a level 5 spell: Lee's Rapid Deconstruction
  3131 | D:2      | Noticed Natasha
  3136 | D:2      | Killed Natasha
  3809 | D:4      | Noticed Edmund
  4445 | D:5      | Reached * piety under Sif Muna
  5257 | D:6      | Reached XP level 8. HP: 52/52 MP: 1/17
  5845 | D:6      | Reached ** piety under Sif Muna
  6780 | D:7      | Noticed Duvessa
  6781 | D:7      | Noticed Dowan
  6783 | D:7      | Killed Dowan
  6894 | D:7      | Killed Duvessa
  6965 | D:7      | Got an encrusted ring mail
  6978 | D:7      | Identified the cursed +0 ring mail of the Harvest {Int+2} (You found it on level 7 of the Dungeon)
  7082 | D:7      | Reached XP level 9. HP: 40/57 MP: 2/21
  7597 | D:7      | Found an opulent altar of Gozag.
  8057 | D:8      | Reached *** piety under Sif Muna
  8146 | D:8      | Found a shattered altar of Ashenzari.
  9004 | D:9      | Found a hide-covered altar of Uskayaw.
  9004 | D:9      | Found a sparkling altar of Nemelex Xobeh.
  9053 | D:9      | Found a staircase to the Lair.
  9054 | D:9      | Noticed a death yak
  9054 | D:9      | Noticed a death yak
  9054 | D:9      | Noticed a death yak
  9541 | D:8      | Found a shattered altar of Ashenzari.
 11292 | D:10     | Entered Level 10 of the Dungeon
 11381 | D:10     | Killed an unseen horror
 11381 | D:10     | Reached skill level 10 in Earth Magic
 11381 | D:10     | Reached XP level 10. HP: 63/63 MP: 9/23
 11387 | D:10     | Reached skill level 10 in Spellcasting
 11734 | D:9      | Reached **** piety under Sif Muna
 12412 | D:10     | Found a staircase to the Orcish Mines.
 12735 | D:10     | Noticed jerryfan's ghost (journeyman HaAs)
 12736 | D:10     | Found a transporter.
 12736 | D:10     | Noticed a two-headed ogre
 12737 | D:10     | Found a transporter.
 12935 | D:10     | Killed a two-headed ogre
 12953 | D:10     | Killed jerryfan's ghost
 12969 | D:10     | Got a faintly glowing dire flail {crush}
 12969 | D:10     | Got a pitted dire flail {drain}
 12983 | D:10     | Identified the +7 dire flail of the Other Side {crush, *Noise +Blink rC+ Str+4} (You took it off a two-headed ogre on level 10 of the Dungeon)
 12984 | D:10     | Identified the +6 dire flail of Truth {drain, rElec rN+ MR+ Stlth+} (You took it off a two-headed ogre on level 10 of the Dungeon)
 13036 | D:11     | Noticed a cyclops
 13042 | D:10     | Reached ***** piety under Sif Muna
 13132 | D:11     | Slain by a cyclops

Vault maps used:
D:1:      scummos_arrival_forest
D:2:      cheibriados_altar_1, uniq_natasha, uniq_sigmund,
          uniq_crazy_yiuf_cottage
D:4:      minmay_temple_entry_large_hall, uniq_edmund
D:5:      lemuel_doored_altar, first_ration, glass_columns_b
D:6:      st_stairs_7, minmay_fountain_box
D:7:      nicolae_gozag_cash_rules_everything_around_me, uniq_duvessa
D:8:      nicolae_ashenzari_panopticon
D:9:      gammafunk_temple_overflow_wave, dpeg_lair_monsters
D:10:     orc_david_3, gammafunk_ghost_smash
D:11:     serial_shops, nicolae_shop_window_shopping, the_bakery
Temple:   eino_temple_scatter_basement

Skill      XL: |  1  2  3  4  5  6  7  8  9 10 |
---------------+-------------------------------+-----
Spellcasting   | 3 4 5 6 8 9 11 | 11.3
Transmutations | 1 |  1.0
Earth Magic    | 3 4 5 6 8 10 11 | 11.4
Stealth        | 2 |  2.0
Short Blades   | 1 2 3 |  3.0
Dodging        | |  1.5

Action                   |  1- 3 |  4- 6 |  7- 9 | 10-12 || total
-------------------------+-------+-------+-------+-------++-------
Melee: Unarmed           |     3 |       |       |       ||     3
       Short sword       |     7 |   117 |    74 |       ||   198
       Dagger            |     7 |    17 |    52 |    23 ||    99
Throw: Stone             |       |     1 |       |       ||     1
 Cast: Sandblast         |    17 |    49 |    25 |       ||    91
       Petrify           |       |     1 |    33 |     4 ||    38
       Stone Arrow       |       |       |   166 |    52 ||   218
       Lee's Rapid Decon |       |       |    27 |    18 ||    45
       Passwall          |       |       |     5 |       ||     5
Invok: Divine Energy     |       |       |     1 |       ||     1
  Use: Scroll            |       |       |    14 |       ||    14
 Stab: Sleeping          |     2 |     3 |     4 |       ||     9
       Petrified         |       |     6 |    21 |    21 ||    48
       Petrifying        |       |       |     1 |       ||     1
Armor: Robe              |     4 |    37 |    54 |     6 ||   101
Dodge: Dodged            |     8 |    96 |   134 |    14 ||   252

Table legend:
 A = Spawn XP
 B = Non-spawn XP
 C = Spawn XP percentage of total XP
 D = Spawn monster count
 E = Non-spawn monster count
 F = Spawn count percentage of total count
 G = Total turns spent on level
                    A         B        C        D         E        F      G
               +---------+---------+-------+---------+---------+-------+---------
         Total |       0 |   10631 |   0.0 |       0 |     222 |   0.0 | 13132
               +---------+---------+-------+---------+---------+-------+---------
           D:1 |       0 |      48 |   0.0 |       0 |      21 |   0.0 |   813
           D:2 |       0 |     446 |   0.0 |       0 |      22 |   0.0 |  1094
           D:3 |       0 |     181 |   0.0 |       0 |      25 |   0.0 |   705
           D:4 |       0 |      86 |   0.0 |       0 |      10 |   0.0 |   670
           D:5 |       0 |     796 |   0.0 |       0 |      26 |   0.0 |  1778
           D:6 |       0 |     870 |   0.0 |       0 |      24 |   0.0 |  1560
           D:7 |       0 |     864 |   0.0 |       0 |      17 |   0.0 |  1808
           D:8 |       0 |    1484 |   0.0 |       0 |      27 |   0.0 |  2185
           D:9 |       0 |    1474 |   0.0 |       0 |      18 |   0.0 |   915
          D:10 |       0 |    4067 |   0.0 |       0 |      27 |   0.0 |  1413
          D:11 |       0 |     315 |   0.0 |       0 |       5 |   0.0 |    17
               +---------+---------+-------+---------+---------+-------+---------
